 Dungeon Crawl Stone Soup version 0.29-a0-582-ge82337ba6a (webtiles) character file.

Game seed: 2644320809762572046

58 DocClef the Sneak (level 3, -2/33 HPs)
             Began as a Draconian Delver on June 14, 2022.
             Slain by an orc
             ... wielding a +0 flail
              (5 damage)
             ... on level 3 of the Dungeon.
             The game lasted 00:00:47 (1035 turns).

DocClef the Sneak (Draconian Delver)                Turns: 1035, Time: 00:00:48

Health: -2/33      AC:  5    Str: 14    XL:     3   Next: 75%
Magic:  3/3        EV: 12    Int: 10    God:
Gold:   26         SH:  0    Dex: 14    Spells: 2/2 levels left

rFire   . . .      SeeInvis .   j - +1 dagger (venom)
rCold   . . .      Faith    .   (no shield)
rNeg    . . .      Spirit   .   (body armour unavailable)
rPois   .          Reflect  .   (helmet restricted)
rElec   .          Harm     .   (no cloak)
rCorr   .          Rampage  .   (no gloves)
Will    .....                   (no boots)
Stlth   +++.......              (no amulet)
HPRegen 0.11/turn               (no ring)
MPRegen 0.08/turn               (no ring)

@: no status effects
A: AC +5, unfitting armour, cold-blooded
a: no special abilities


You were on level 3 of the Dungeon.
You visited 1 branch of the dungeon, and saw 3 of its levels.

You collected 26 gold pieces.

Inventory:

Hand Weapons
 a - a +0 short sword
 j - a +1 dagger of venom (weapon)
Jewellery
 g - a +6 ring of intelligence
Wands
 f - a wand of digging (3)
Scrolls
 b - a scroll of fog
 c - a scroll of magic mapping
 d - a scroll of fear
 i - 3 scrolls of identify {unknown}
Potions
 e - a potion of haste
 h - a potion of degeneration {unknown}


   Skills:
 + Level 3.8 Fighting
 + Level 2.6 Short Blades
 + Level 2.4 Dodging
 + Level 4.9 Stealth


You had 2 spell levels left.
You didn't know any spells.
Your spell library contained the following spells:

 Spells                   Type           Power      Damage    Failure   Level
 Portal Projectile        Hex/Tloc       0%         N/A       75%         3
 Tukima's Dance           Hex            0%         N/A       75%         3
 Blade Hands              Tmut           0%         N/A       100%        5


Dungeon Overview and Level Annotations

Branches:
Dungeon (5/15)
 Temple: D:4-7

Altars:


Innate Abilities, Weirdness & Mutations

Your plain brown scales are hard. (AC +5)
You cannot fit into any form of body armour.
You are cold-blooded and may be slowed by cold attacks.


Message History

You hit the orc wizard but do no damage.
The orc wizard is moderately wounded.
You feel sick.
You are no longer poisoned.
The orc hits you but does no damage.
The orc wizard hits you but does no damage.
You hit the orc wizard but do no damage.
The orc wizard is poisoned.
Your tail-slap misses the orc wizard.
The orc wizard is moderately wounded.
The orc wizard closely misses you. The orc hits you with a +0 flail!
* * * LOW HITPOINT WARNING * * *
You hit the orc wizard but do no damage.
The orc wizard looks as sick as possible!
The orc wizard is heavily wounded.
The orc barely misses you.
The orc wizard hits you but does no damage.
Unknown command.
You hit the orc wizard but do no damage.
The orc wizard looks as sick as possible!
The orc wizard is heavily wounded.
The orc wizard gestures at you while chanting.
You resist with significant effort.
Unknown command.
You hit the orc wizard but do no damage.
The orc wizard looks as sick as possible!
You tail-slap the orc wizard.
The orc wizard is severely wounded.
The orc wizard hits you but does no damage.
You hit the orc wizard.
The orc wizard looks as sick as possible!
You tail-slap the orc wizard.
You kill the orc wizard!
You hit the orc but do no damage.
The orc looks even sicker.
The orc is almost dead.
The orc closely misses you.
You hit the orc but do no damage.
The orc looks as sick as possible!
You tail-slap the orc, but do no damage.
The orc is almost dead.
The orc hits you with a +0 flail.
You die...

#.####.## ##.###
#.# #..###..#
#.#####..#..## ♣
#..........##
######..####
##.## #######..#
........########
.####.##@.......
#. #o###.##.
#.....(#
#.#>##.# ..# #..
.. ##. .# .. ..


You could see an orc (extremely poisoned).

Vanquished Creatures
  An orc wizard (D:3)
  2 adders
  A white imp (D:5)
  An orc (D:3)
  A ball python (D:4)
  A hobgoblin (D:3)
  A kobold (D:3)
  A quokka (D:3)
  A rat (D:3)
10 creatures vanquished.

Vanquished Creatures (others)
  2 plants (D:3)
2 creatures vanquished.

Grand Total: 12 creatures vanquished

Notes
Turn   | Place    | Note
-------+----------+-------------------------------------------
     0 | D:5      | DocClef the Draconian Delver began the quest for the Orb.
     0 | D:5      | Reached XP level 1. HP: 19/19 MP: 1/1
    47 | D:5      | Reached XP level 2. HP: 26/26 MP: 2/2
  1023 | D:3      | Reached XP level 3. HP: 19/33 MP: 3/3
  1035 | D:3      | Slain by an orc

Illustrated notes

Levels and vault maps discovered:
D:3:      layout_loops_cross, serial_bayou_ford_a,
          minmay_fractal_squares_gapless_5
D:4:      layout_cave_pools, lightli_temple_of_fire, serial_shops,
          kennysheep_mini
D:5:      layout_cave_pools, nicolae_fountain_basement

Skill      XL: |  1 |
---------------+----+-----
Dodging        | 2 |  2.4
Fighting       | |  3.8
Short Blades   | |  2.6
Stealth        | |  4.9

Action                   || total
-------------------------++-------
Melee: Short sword       ||    32
       Dagger            ||    20
       Tailslap          ||     9
Armor: Skin              ||    18
Dodge: Dodged            ||    27

Table legend: (Time is in decaauts)
 A = Elapsed time spent in this place.
 B = Non-inter-level travel time spent in this place.
 C = Inter-level travel time spent in this place.
 D = Time resting spent in this place.
 E = Time spent auto-exploring this place.
 F = Levels seen in this place.
 G = Mean time per level.
                   A        B        C        D        E       F      G
               +--------+--------+--------+--------+--------+-----+--------+
         Total |   1033 |   1033 |      0 |    418 |    484 |   3 |  344.3 |
       Dungeon |   1033 |   1033 |      0 |    418 |    484 |   3 |  344.3 |
               +--------+--------+--------+--------+--------+-----+--------+

Top non-repeatable levels by time:
     D:3: 624 daAuts
     D:4: 205 daAuts
     D:5: 202 daAuts
